 Dungeon Crawl Stone Soup version 0.23-a0-171-g5ae17c6e89 (webtiles) character file.

39510 Holzbalken the Basher (level 13, -8/111 HPs)
             Began as a Demonspawn Gladiator on Sept 14, 2018.
             Was the Champion of Qazlal.
             Killed from afar by an ogre mage (41 damage)
             ... with a bolt of lightning
             ... summoned by a boggart
             ... on level 15 of the Dungeon.
             The game lasted 01:17:24 (16079 turns).

Holzbalken the Basher (Demonspawn Gladiator)       Turns: 16079, Time: 01:17:29

Health: -8/111     AC: 34    Str: 19    XL:     13   Next: 69%
Magic:  13/13      EV:  8    Int: 16    God:    Qazlal [******]
Gold:   789        SH: 14    Dex: 21    Spells: 12/12 levels left

rFire    + . .     SeeInvis +   y - +1 mace "Diluanki" {vamp, rC+ Int+7}
rCold    + + .     Gourm    +   B - +0 buckler
rNeg     + + .     Faith    .   Q - +8 plate armour of Fulaf {*Drain rN+ MR+}
rPois    .         Spirit   .   (helmet unavailable)
rElec    +         Reflect  .   R - scarf {rC+ rF+}
rCorr    .         Harm     .   (no gloves)
MR       +....                  Y - +1 pair of boots
Stlth    ..........             V - amulet of the gourmand
HPRegen  2.28/turn              g - +5 ring of dexterity
MPRegen  0.13/turn              P - ring of positive energy

@: protected from electricity, sanguine armour, repel missiles
A: antennae 3, powered by death 1, powered by pain 2, sanguine armour 2
a: Upheaval, Elemental Force, Disaster Area, Renounce Religion


You were on level 15 of the Dungeon.
You worshipped Qazlal.
Qazlal was exalted by your worship.
You were very full.

You visited 2 branches of the dungeon, and saw 16 of its levels.
You also visited: Ossuary.

You collected 1037 gold pieces.
You spent 248 gold pieces at shops.

Inventory:

Hand Weapons
 y - the +1 mace "Diluanki" (weapon) {vamp, rC+ Int+7}
   (You bought it in a shop on level 5 of the Dungeon)

   It inflicts no extra harm, but heals its wielder when it wounds a living foe.
   It affects your intelligence (+7).
   It protects you from cold.
Missiles
 k - 27 tomahawks (quivered)
Armour
 B - a +0 buckler (worn)
 O - a +2 cloak of invisibility
 Q - the +8 plate armour of Fulaf (worn) {*Drain rN+ MR+}
   (You took it off an orc on level 9 of the Dungeon)

   It protects you from negative energy.
   It affects your resistance to hostile enchantments.
   It causes draining when unequipped.
 R - a scarf of resistance (worn)
 T - a +0 pair of boots
 Y - a +1 pair of boots (worn)
Jewellery
 d - the ring "Qola" {AC+5 Slay+2, unknown}
   (You found it on level 14 of the Dungeon)

   [ring of protection]

   It affects your AC (+5).
   It affects your accuracy and damage with ranged weapons and melee attacks
   (+2).
 g - a +5 ring of dexterity (left hand)
 x - a +2 ring of evasion
 J - a +3 ring of strength {unknown}
 P - a ring of positive energy (right hand)
 V - an amulet of the gourmand (around neck)
Wands
 u - a wand of random effects (53)
 v - a wand of digging (25)
 C - a wand of iceblast (11)
 F - a wand of disintegration (8)
 M - a wand of acid (15)
 N - a wand of polymorph (27)
 S - a wand of scattershot (7)
Scrolls
 c - 2 scrolls of identify
 e - 11 scrolls of remove curse
 h - 3 scrolls of magic mapping
 E - 3 scrolls of teleportation {unknown}
 G - 3 scrolls of enchant weapon
 I - 3 scrolls of amnesia {unknown}
 L - a scroll of vulnerability {unknown}
 U - a scroll of enchant armour
 W - 2 scrolls of random uselessness {unknown}
 Z - 2 scrolls of fog
Potions
 a - a potion of heal wounds
 i - 3 potions of magic
 l - 4 potions of flight
 m - a potion of invisibility {unknown}
 q - 2 potions of agility
 r - 3 potions of degeneration
 s - 6 potions of mutation
 t - 2 potions of ambrosia {unknown}
 w - 3 potions of lignification
 z - 2 potions of berserk rage {unknown}
 A - a potion of curing
 D - a potion of might {unknown}
 H - 3 potions of cancellation
 K - a potion of resistance {unknown}
 X - 2 potions of haste {unknown}
Comestibles
 b - 2 chunks of flesh
 f - 33 rations


   Skills:
 + Level 13.1 Fighting
 - Level 14.0 Maces & Flails
 - Level 1.7 Throwing
 + Level 11.0 Armour
 - Level 2.6 Dodging
 - Level 4.0 Shields


You had 12 spell levels left.
You didn't know any spells.
Your spell library contained the following spells:

 Spells                   Type           Power        Failure   Level  Hunger
 Apportation              Tloc           #.....       99%         1    ##.....
 Corona                   Hex            #......      99%         1    ##.....
 Magic Dart               Conj           #...         99%         1    ##.....
 Shock                    Conj/Air       #...         99%         1    ##.....
 Summon Butterflies       Summ           #.......     99%         1    ##.....
 Corpse Rot               Necr           N/A          100%        2    ###....
 Ensorcelled Hibernation  Hex/Ice        #.....       100%        2    ###....
 Searing Ray              Conj           #.....       100%        2    ###....
 Slow                     Hex            #.......     100%        2    ###....
 Sublimation of Blood     Necr           #.........   100%        2    ###....
 Swiftness                Chrm/Air       #.......     100%        2    ###....
 Confuse                  Hex            #.......     100%        3    ####...
 Dazzling Spray           Conj/Hex       #.....       100%        3    ####...
 Inner Flame              Hex/Fire       #.......     100%        3    ####...
 Lesser Beckoning         Tloc           #.........   100%        3    ####...
 Portal Projectile        Hex/Tloc       #.....       100%        3    ####...
 Recall                   Summ/Tloc      N/A          100%        3    ####...
 Static Discharge         Conj/Air       #.......     100%        3    ####...
 Tukima's Dance           Hex            #.......     100%        3    ####...
 Airstrike                Air            #.........   100%        4    #####..
 Cause Fear               Hex            #.........   100%        4    #####..
 Force Lance              Conj/Tloc      #.......     100%        4    #####..
 Fulminant Prism          Conj/Hex       #.........   100%        4    #####..
 Iskenderun's Mystic Bla  Conj           #.......     100%        4    #####..
 Leda's Liquefaction      Hex/Erth       #.........   100%        4    #####..
 Agony                    Necr           #.......     100%        5    ######.
 Alistair's Intoxication  Tmut/Pois      #.......     100%        5    ######.
 Aura of Abjuration       Summ           #.........   100%        5    ######.
 Bolt of Draining         Conj/Necr      #.........   100%        5    ######.
 Dispel Undead            Necr           #.......     100%        5    ######.
 Excruciating Wounds      Chrm/Necr      #.........   100%        5    ######.
 Lightning Bolt           Conj/Air       #.........   100%        5    ######.
 Summon Demon             Summ           #.........   100%        5    ######.
 Summon Forest            Summ/Tloc      #.........   100%        5    ######.
 Summon Mana Viper        Hex/Summ       #.......     100%        5    ######.
 Invisibility             Hex            #.......     100%        6    #######
 Shadow Creatures         Summ           N/A          100%        6    #######


Dungeon Overview and Level Annotations

Branches:
Dungeon (15/15)            Temple (1/1) D:7            Lair (0/6) D:11
    Orc (0/2) D:12         Vaults (0/5) D:14
 Depths: D:15

Altars:
Ashenzari
Cheibriados
Dithmenos
Elyvilon
Fedhas
Gozag
Hepliaklqana
Kikubaaqudgha
Makhleb
Nemelex Xobeh
Okawaru
Qazlal
Ru
Sif Muna
Trog
Uskayaw
Vehumet
Wu Jian
Xom
Yredelemnul
Zin
The Shining One

Shops:
D:5 (

Portals:
Trove: D:14 (give +4 fire dragon scales)


Innate Abilities, Weirdness & Mutations

You have a pair of large antennae on your head. (SInv)
You regenerate a little health from kills.
You sometimes gain power by taking damage.
When seriously injured, your bleeding wounds create thick armour. (AC +9)


Message History

The wyvern dissolves into shadows!
The tengu warrior dissolves into shadows!
You hear a shout!
You block the ogre mage's attack.
You hit the manticore.
The manticore is lightly wounded.
The manticore bites you!
* * * LOW HITPOINT WARNING * * *
The manticore closely misses you. You block the manticore's attack.
You block the troll's attack. The troll barely misses you. The troll claws you.
* * * LOW HITPOINT WARNING * * *
Your resistance to electricity fades away.
You feel protected from physical attacks.
You hit the manticore but do no damage.
The manticore is lightly wounded.
The ogre mage gestures at you while chanting.
The bolt of lightning hits you!
Your resistance to physical damage fades away.
You feel protected from electricity.
You die...

#####....###
####.# #.##
#.# ##)#
#..# #.##
##.#
#######@.#


gWOOOO)HT# ########gc# ##H.# #..# #5.. .... { .### .# You could see 2 two-headed
ogres, an ogre mage, a manticore, a hippogriff, a troll, a hungry ghost, an
ogre, a centaur, 2 boggarts and a crimson imp.

Vanquished Creatures
  A tengu reaver (D:14)
  A ghoul (D:14)
  Azrael (D:14)
  Erolcha (D:12)
  A vault guard (D:14)
  4 hydras
  3 centaur warriors
  2 two-headed ogres (D:11)
  A catoblepas (D:13)
  A deep troll earth mage (D:14)
  5 unseen horrors
  5 skeletal warriors (D:14)
  An unseen horror (shapeshifter) (D:13)
  A wolf spider (D:14)
  2 ugly things
  A faun (shapeshifter) (D:14)
  Maurice (D:9)
  A cyclops (D:13)
  3 centaur zombies
  3 gargoyles (D:13)
  A komodo dragon (D:14)
  A kobold demonologist (D:12)
  A freezing wraith (D:15)
  A guardian mummy (D:14)
  2 trolls (D:14)
  A harpy zombie (D:13)
  Grinder (D:6)
  2 hornets (D:12)
  A hippogriff (shapeshifter) (D:14)
  8 hippogriffs
  A meliai zombie (D:14)
  6 wyverns
  2 shadows (D:13)
  A human (D:12)
  A water elemental (D:12)
  11 yaks
  3 vampires
  2 hogs (D:12)
  3 fire elementals (D:14)
  2 hungry ghosts (D:11)
  2 vampire mosquitoes (D:15)
  Edmund (D:6)
  Menkaure (Ossuary)
  4 acid dragons
  A hell hound (D:14)
  6 orc warriors
  2 hornet zombies
  3 ice beasts
  5 sky beasts
  2 phantoms
  2 black bears
  6 ogres
  A boggart (D:15)
  8 centaurs
  2 crocodiles
  4 big kobolds
  12 bullfrogs
  2 wyvern zombies (D:14)
  2 wyvern skeletons
  3 scorpions
  5 killer bees (D:13)
  9 wights
  4 howler monkeys
  4 electric eels
  5 crimson imps
  7 jellies
  3 bullfrog zombies
  4 bullfrog skeletons
  10 orc priests
  2 hounds
  13 orc wizards
  3 centaur skeletons
  2 iguanas
  14 worker ants
  5 mummies
  3 worker ant zombies
  7 adders
  12 gnolls
  4 shadow imps
  An ooze (D:3)
  2 adder skeletons (D:8)
  A worm (D:2)
  6 dart slugs
  5 leopard geckos
  63 orcs
  2 giant cockroaches
  3 goblins
  7 hobgoblins
  5 jackals
  23 kobolds
  6 quokkas
  A ball python (D:2)
  7 bats
  5 frilled lizards
  2 gnoll skeletons (Ossuary)
  4 goblin skeletons (Ossuary)
  3 goblin zombies (Ossuary)
  3 hobgoblin skeletons (Ossuary)
  2 hobgoblin zombies (Ossuary)
  A jackal skeleton (D:4)
  3 kobold zombies
  A leopard gecko skeleton (D:6)
  3 orc skeletons (Ossuary)
  An orc zombie (Ossuary)
  3 quokka skeletons
  6 rats
  2 rat skeletons (Ossuary)
  3 rat zombies (Ossuary)
449 creatures vanquished.

Vanquished Creatures (others)
  A boggart (D:15)
  4 gnoll zombies (Ossuary)
  3 gnoll skeletons (Ossuary)
  2 goblin skeletons (Ossuary)
  3 goblin zombies (Ossuary)
  2 hobgoblin skeletons (Ossuary)
  3 hobgoblin zombies (Ossuary)
  2 kobold skeletons (Ossuary)
  A kobold zombie (Ossuary)
  2 orc skeletons (Ossuary)
  2 orc zombies (Ossuary)
  A rat zombie (Ossuary)
  A withered plant (D:14)
27 creatures vanquished.

Grand Total: 476 creatures vanquished

Notes
Turn   | Place    | Note
-------+----------+-------------------------------------------
     0 | D:1      | Holzbalken the Demonspawn Gladiator began the quest for the
                  | Orb.
     0 | D:1      | Reached XP level 1. HP: 16/16 MP: 1/1
   125 | D:1      | Reached skill level 3 in Maces & Flails
   431 | D:1      | Gained mutation: You regenerate a little health from kills.
                  | [demonic ancestry]
   431 | D:1      | Reached XP level 2. HP: 22/22 MP: 2/2
   691 | D:1      | Gained mutation: When seriously injured, your bleeding
                  | wounds create armour. (AC +9) [demonic ancestry]
   691 | D:1      | Reached XP level 3. HP: 24/27 MP: 3/3
   994 | D:1      | Reached skill level 4 in Maces & Flails
  1575 | D:2      | Found a deep blue altar of Sif Muna.
  1577 | D:2      | Found an ancient bone altar of Kikubaaqudgha.
  1577 | D:2      | Found a hide-covered altar of Uskayaw.
  1579 | D:2      | Found a shimmering altar of Xom.
  1579 | D:2      | Found a sparkling altar of Nemelex Xobeh.
  1579 | D:2      | Found a hide-covered altar of Uskayaw.
  2107 | D:2      | Found a radiant altar of Vehumet.
  2107 | D:2      | Found a glowing silver altar of Zin.
  2107 | D:2      | Found a stormy altar of Qazlal.
  2127 | D:2      | Became a worshipper of Qazlal Stormbringer
  2307 | D:3      | Reached XP level 4. HP: 33/33 MP: 4/4
  3357 | D:4      | Reached skill level 5 in Maces & Flails
  3370 | D:4      | Found a sacrificial altar of Ru.
  3374 | D:4      | Noticed an ogre
  3476 | D:4      | Reached XP level 5. HP: 37/39 MP: 5/5
  3802 | D:4      | Noticed a black bear
  3817 | D:4      | Killed a black bear
  3817 | D:4      | Gained mutation: You sometimes gain a little power by
                  | taking damage. [demonic ancestry]
  3817 | D:4      | Reached XP level 6. HP: 37/47 MP: 6/6
  4035 | D:5      | Entered Level 5 of the Dungeon
  4050 | D:5      | Found a stormy altar of Qazlal.
  4173 | D:5      | Reached * piety under Qazlal
  4411 | D:5      | Reached skill level 6 in Maces & Flails
  4664 | D:5      | Found Hubyxiuh's Antique Weapon Boutique.
  5046 | D:5      | Gained mutation: You have a pair of small antennae on your
                  | head. [demonic ancestry]
  5046 | D:5      | Reached XP level 7. HP: 32/54 MP: 7/7
  5421 | D:6      | Found an ornate altar of the Wu Jian Council.
  5431 | D:6      | Noticed Edmund
  5438 | D:6      | Reached skill level 7 in Maces & Flails
  5453 | D:6      | Killed Edmund
  5664 | D:5      | Bought a fine mace for 248 gold pieces
  5666 | D:5      | Identified the cursed +1 mace "Diluanki" {vamp, rC+ Int+7}
                  | (You bought it in a shop on level 5 of the Dungeon)
  5709 | D:6      | Reached skill level 5 in Fighting
  5722 | D:6      | Reached XP level 8. HP: 62/62 MP: 8/8
  5856 | D:6      | Found a sand-covered staircase.
  5869 | Ossuary  | Entered an ossuary
  5873 | Ossuary  | Reached ** piety under Qazlal
  6113 | Ossuary  | Noticed Menkaure
  6127 | Ossuary  | Killed Menkaure
  6127 | Ossuary  | Reached skill level 8 in Maces & Flails
  6411 | D:6      | Found a white marble altar of Elyvilon.
  6418 | D:6      | Noticed Grinder
  6426 | D:6      | Reached *** piety under Qazlal
  6440 | D:6      | Paralysed by Grinder for 4 turns
  6457 | D:6      | Killed Grinder
  6610 | D:7      | Found a staircase to the Ecumenical Temple.
  6634 | Temple   | Entered the Ecumenical Temple
  6894 | D:7      | Reached skill level 9 in Maces & Flails
  6976 | D:7      | Reached skill level 1 in Shields
  7057 | D:7      | Gained mutation: You have a pair of antennae on your head.
                  | [demonic ancestry]
  7057 | D:7      | Reached XP level 9. HP: 31/69 MP: 9/9
  7290 | D:7      | Found a hide-covered altar of Uskayaw.
  7688 | D:8      | Reached **** piety under Qazlal
  7711 | D:8      | Noticed a white ugly thing
  7725 | D:8      | Killed a white ugly thing
  7725 | D:8      | Reached skill level 10 in Maces & Flails
  7914 | D:8      | Reached skill level 11 in Maces & Flails
  8572 | D:9      | Noticed Maurice
  8583 | D:9      | Killed Maurice
  8583 | D:9      | Gained mutation: When seriously injured, your bleeding
                  | wounds create thick armour. (AC +9) [demonic ancestry]
  8583 | D:9      | Reached XP level 10. HP: 76/76 MP: 10/10
  8683 | D:9      | Got a spiked plate armour
  8695 | D:9      | Identified the +8 plate armour of Fulaf {*Drain rN+ MR+}
                  | (You took it off an orc on level 9 of the Dungeon)
  8854 | D:9      | Reached ***** piety under Qazlal
  8895 | D:9      | Reached skill level 12 in Maces & Flails
  8914 | D:9      | Reached skill level 1 in Armour
  9595 | D:10     | Entered Level 10 of the Dungeon
  9690 | D:10     | Killed an unseen horror
  9844 | D:10     | Killed an unseen horror
 10078 | D:11     | Noticed a two-headed ogre
 10097 | D:11     | Killed a two-headed ogre
 10387 | D:11     | Noticed a two-headed ogre
 10409 | D:11     | Killed a two-headed ogre
 10409 | D:11     | Reached skill level 13 in Maces & Flails
 10409 | D:11     | Gained mutation: You sometimes gain power by taking damage.
                  | [demonic ancestry]
 10409 | D:11     | Reached XP level 11. HP: 65/84 MP: 11/11
 10679 | D:11     | Found a staircase to the Lair.
 10766 | D:11     | Noticed a green ugly thing
 10785 | D:11     | Killed a green ugly thing
 11307 | D:12     | Noticed a seven-headed hydra
 11327 | D:12     | Noticed Erolcha
 11342 | D:12     | Killed a seven-headed hydra
 11409 | D:12     | Killed Erolcha
 11409 | D:12     | Reached skill level 5 in Armour
 11528 | D:12     | Found a staircase to the Orcish Mines.
 12062 | D:12     | Killed an unseen horror
 12260 | D:12     | Reached skill level 14 in Maces & Flails
 12441 | D:13     | Noticed a five-headed hydra
 12460 | D:13     | Killed a five-headed hydra
 12460 | D:13     | Reached XP level 12. HP: 54/95 MP: 12/12
 12663 | D:13     | Noticed a centaur warrior
 12677 | D:13     | Killed a centaur warrior
 12685 | D:13     | Reached skill level 10 in Fighting
 12783 | D:13     | Reached ****** piety under Qazlal
 12983 | D:13     | Noticed a catoblepas
 13009 | D:13     | Killed a catoblepas
 13621 | D:14     | Noticed a centaur warrior
 13659 | D:14     | Killed a centaur warrior
 13692 | D:14     | Noticed Azrael
 14063 | D:14     | Noticed a seven-headed hydra
 14075 | D:14     | Killed Azrael
 14080 | D:14     | Killed a seven-headed hydra
 14100 | D:14     | Gained mutation: You have a pair of large antennae on your
                  | head. (SInv) [demonic ancestry]
 14100 | D:14     | Reached XP level 13. HP: 106/106 MP: 13/13
 14354 | D:14     | Noticed a ghoul
 14417 | D:14     | Killed a ghoul
 14591 | D:14     | Reached skill level 10 in Armour
 14880 | D:14     | Found a gate to the Vaults.
 15184 | D:14     | Found a portal to a secret trove of treasure.
 15325 | D:14     | Got a bound tin ring
 15377 | D:14     | Noticed a tengu reaver
 15414 | D:14     | Killed a tengu reaver
 15923 | D:15     | Entered Level 15 of the Dungeon
 16079 | D:15     | Killed from afar by an ogre mage

Vault maps used:
D:1:      lightli_arrival_flooded_house
D:2:      minitemple, doesnt_xom_only_xom
D:3:      serial_park_tiny_pond
D:4:      nicolae_ru_awakened_eye, first_ration, st_stairs_5
D:5:      serial_shops, kennysheep_mini, grunt_qazlal_clouds
D:6:      old_standard_altar, lemuel_crystal_altar, enter_ossuary_3,
          uniq_edmund, uniq_grinder
D:7:      eat_drink_and_be_merry_uskayaw, minmay_temple_entry_steel_oval
D:9:      uniq_maurice
D:11:     lair_entry_dummy
D:12:     orc_0_dummy, grunt_livestock, uniq_erolcha
D:13:     grunt_decor_fettered, minmay_misc_feat_columns, nooodl_food_tri
D:14:     kennysheep_six_static_rooms, serial_undead, serial_undead_c,
          serial_undead_f, serial_undead_f, serial_undead_f, enter_trove_5,
          minmay_tree_intersection, wad_scary_box, uniq_azrael
D:15:     grunt_enter_depths_hoard, muffindrake_ghost_dual_entry,
          nemelex_xobeh_ov_fountains_minmay
Temple:   eino_narrow_crystal_temple
Ossuary:  ossuary_due_pyramid

Skill      XL: |  1  2  3  4  5  6  7  8  9 10 11 12 13 |
---------------+----------------------------------------+-----
Maces & Flails | 3 4 5 6 7 9 11 13 14 | 14.0
Fighting       | 3 4 5 6 7 9 11 13 | 13.1
Shields        | 2 4 |  4.0
Armour         | 3 6 9 11 | 11.0
Throwing       | |  1.7
Dodging        | |  2.6

Action                   |  1- 3 |  4- 6 |  7- 9 | 10-12 | 13-15 || total
-------------------------+-------+-------+-------+-------+-------++-------
Melee: Flail             |   100 |   207 |    54 |       |       ||   361
       Mace              |       |       |   482 |  1103 |   401 ||  1986
Throw: Tomahawk          |     7 |       |       |       |       ||     7
  Use: Scroll            |       |     9 |     7 |     3 |     2 ||    21
       Potion            |       |       |     1 |     5 |     2 ||     8
 Stab: Sleeping          |     3 |       |       |       |       ||     3
       Petrified         |       |       |       |     1 |       ||     1
  Eat: Chunk             |     4 |     9 |     6 |    51 |     7 ||    77
       Ration            |       |       |     3 |     1 |       ||     4
Armor: Leather armour    |    27 |    48 |    88 |     5 |       ||   168
       Plate armour      |       |       |       |   595 |   239 ||   834
Dodge: Dodged            |    66 |   162 |   270 |   259 |   116 ||   873
       Deflected         |       |       |     5 |    13 |     4 ||    22
Block: Other             |       |       |     4 |       |       ||     4
       Buckler           |       |       |   188 |   636 |   294 ||  1118

Table legend:
 A = Non-vault XP
 B = Vault XP
 C = Vault XP percentage of total XP
 D = Non-vault monster count
 E = Vault monster count
 F = Vault count percentage of total count
                 A         B        C        D         E       F
            +---------+---------+-------+---------+---------+-------
      Total |   35692 |   20751 |  36.8 |     370 |      73 |  16.5
            +---------+---------+-------+---------+---------+-------
        D:1 |      56 |       0 |   0.0 |      22 |       0 |   0.0
        D:2 |      33 |       0 |   0.0 |      17 |       0 |   0.0
        D:3 |     102 |       0 |   0.0 |      13 |       0 |   0.0
        D:4 |      87 |     166 |  65.6 |      12 |       2 |  14.3
        D:5 |     328 |       0 |   0.0 |      20 |       0 |   0.0
        D:6 |     668 |     469 |  41.2 |      20 |       3 |  13.0
        D:7 |    1189 |       0 |   0.0 |      35 |       0 |   0.0
        D:8 |    2031 |       0 |   0.0 |      34 |       0 |   0.0
        D:9 |    1610 |     503 |  23.8 |      35 |       1 |   2.8
       D:10 |    2056 |       0 |   0.0 |      12 |       0 |   0.0
       D:11 |    3699 |       0 |   0.0 |      20 |       0 |   0.0
       D:12 |    5348 |    1989 |  27.1 |      34 |       6 |  15.0
       D:13 |    9977 |    1309 |  11.6 |      53 |       5 |   8.6
       D:14 |    6525 |   16171 |  71.3 |      31 |      33 |  51.6
       D:15 |    1983 |       0 |   0.0 |      12 |       0 |   0.0
    Ossuary |       0 |     144 | 100.0 |       0 |      23 | 100.0
            +---------+---------+-------+---------+---------+-------
